 Dungeon Crawl Stone Soup version 0.25-a0-346-g140ab784a8 (webtiles) character file.

Game seed: 9282704959538016519, levelgen mode: deterministic

53 BritishOli the Ducker (level 3, 0/28 HPs)
             Began as a Demonspawn Gladiator on Dec 31, 2019.
             Slain by an adder (3 damage)
             ... on level 2 of the Dungeon.
             The game lasted 00:00:57 (927 turns).

BritishOli the Ducker (Demonspawn Gladiator)         Turns: 927, Time: 00:00:58

Health: 0/28       AC:  4    Str: 15    XL:     3   Next: 62%
Magic:  3/3        EV: 13    Int:  9    God:
Gold:   95         SH:  0    Dex: 14    Spells: 2/2 levels left

rFire    . . .     SeeInvis .   a - +0 long sword
rCold    + . .     Gourm    .   (no shield)
rNeg     . . .     Faith    .   b - +0 leather armour
rPois    .         Spirit   .   c - +0 helmet
rElec    .         Reflect  .   (no cloak)
rCorr    .         Harm     .   (no gloves)
MR       .....                  (no boots)
Stlth    +.........             (no amulet)
HPRegen  0.09/turn              (no ring)
MPRegen  0.08/turn              (no ring)

@: lethally poisoned (0 -> -2)
A: cold resistance 1
a: no special abilities


You were on level 2 of the Dungeon.
You were not hungry.

You visited 1 branch of the dungeon, and saw 2 of its levels.

You collected 95 gold pieces.

Inventory:

Hand Weapons
 a - a +0 long sword (weapon)
Missiles
 d - 3 throwing nets (quivered)
Armour
 b - a +0 leather armour (worn)
 c - a +0 helmet (worn)
Scrolls
 e - 3 scrolls of fog {unknown}
 g - a scroll of amnesia {unknown}
 h - 2 scrolls of identify {unknown}
 i - a scroll of remove curse {unknown}
 k - a scroll of noise {unknown}
 l - a scroll of teleportation {unknown}
Potions
 j - 2 potions of flight {unknown}
Comestibles
 f - 2 rations


   Skills:
 + Level 2.6 Fighting
 + Level 3.1 Long Blades
 + Level 2.3 Throwing
 + Level 3.1 Dodging


You had 2 spell levels left.
You didn't know any spells.
Your spell library was empty.

Dungeon Overview and Level Annotations

Branches:
Dungeon (2/15)

Altars:


Innate Abilities, Weirdness & Mutations

Your flesh is cold resistant. (rC+)


Message History

There are monsters nearby!
You are too injured to fight recklessly!
There are monsters nearby!
You feel sick. The adder barely misses you.
You feel sick.
You see here a dart slug corpse.
You closely miss the hobgoblin. The hobgoblin barely misses you.
You slash the hobgoblin!
You kill the hobgoblin!
You feel sick. The adder bites you.
* * * LOW HITPOINT WARNING * * *
You hit the adder.
The adder is moderately wounded.
The adder barely misses you.
You riposte.
You hit the adder.
The adder is heavily wounded.
You closely miss the adder.
The adder is heavily wounded.
The adder bites you.
You die...

#+######..#..................#
(.........#.......##########.#
.........##.......# #.#
.....!...##.......# #.#
.........##.......# #..
.......)..#.......# ##
...####...#.......#
#...#(#+##'## #....rS@...#
#.#.#J#.#### #..!#.#†#
#####.#.# ..#.# ###.# #.# #.#
#.#


You could see an ooze, an adder and a quokka.

Vanquished Creatures
  An adder (D:2)
  A worm (D:2)
  2 dart slugs
  2 leopard geckos
  A ball python (D:2)
  3 giant cockroaches (D:1)
  A goblin (D:1)
  3 hobgoblins
  5 jackals (D:1)
  4 kobolds (D:1)
  4 bats
  2 frilled lizards
  6 rats
35 creatures vanquished.

Notes
Turn   | Place    | Note
-------+----------+-------------------------------------------
     0 | D:1      | BritishOli the Demonspawn Gladiator began the quest for the
                  | Orb.
     0 | D:1      | Reached XP level 1. HP: 16/16 MP: 1/1
   102 | D:1      | Gained mutation: Your flesh is cold resistant. (rC+)
                  | [demonic ancestry]
   102 | D:1      | Reached XP level 2. HP: 19/22 MP: 2/2
   518 | D:1      | Reached XP level 3. HP: 28/28 MP: 3/3
   927 | D:2      | Slain by an adder

Levels and vault maps discovered:
D:1:      nzn_arrival_water_spiral, layout_loops_ring, minmay_door_square
D:2:      layout_basic, xom_redecorated, uniq_sigmund

Skill      XL: |  1  2 |
---------------+-------+-----
Throwing       | 2 |  2.3
Dodging        | 3 |  3.1
Long Blades    | 3 |  3.1
Fighting       | |  2.6

Action                   || total
-------------------------++-------
Melee: Long sword        ||    97
Armor: Leather armour    ||    44
Dodge: Dodged            ||    96
       Rpst.: Long sword ||    23

Table legend:
 A = Non-vault XP
 B = Vault XP
 C = Vault XP percentage of total XP
 D = Non-vault monster count
 E = Vault monster count
 F = Vault count percentage of total count
                 A         B        C        D         E       F
            +---------+---------+-------+---------+---------+-------
      Total |      76 |       0 |   0.0 |      35 |       0 |   0.0
            +---------+---------+-------+---------+---------+-------
        D:1 |      44 |       0 |   0.0 |      26 |       0 |   0.0
        D:2 |      32 |       0 |   0.0 |       9 |       0 |   0.0
            +---------+---------+-------+---------+---------+-------
